 Dungeon Crawl Stone Soup version 0.22.1-5-g62c59d919a (webtiles) character file.

51118 Peloso the Peltast (level 14, 0/127 HPs)
             Began as a Minotaur Fighter on Jan 14, 2019.
             Was the Champion of Okawaru.
             Killed from afar by a molten gargoyle (11 damage)
             ... with a bolt of magma
             ... on level 6 of the Lair of Beasts.
             The game lasted 00:55:10 (22488 turns).

Peloso the Peltast (Minotaur Fighter)              Turns: 22488, Time: 00:55:11

Health: 0/127      AC: 16    Str: 24    XL:     14   Next: 22%
Magic:  14/14      EV:  2    Int:  5    God:    Okawaru [******]
Gold:   806        SH:  0    Dex: 16    Spells: 13/13 levels left

rFire    + . .     SeeInvis +   a - +4 scimitar (flame)
rCold    + . .     Gourm    .   c - +1 shield
rNeg     + + +     Faith    .   Q - +0 plate armour
rPois    ∞         Spirit   .   P - -2 hat of the Alchemist {rElec rPois rF+ rC+ rN+ MR+ rMut rCorr}
rElec    +         Reflect  .   (no cloak)
rCorr    +         Harm     .   r - +0 pair of gloves
rMut     +                      l - +0 pair of boots {run}
MR       ++...                  S - amulet of the acrobat
Stlth    ..........             F - +4 ring of dexterity
HPRegen  0.31/turn              h - ring of see invisible
MPRegen  0.14/turn

@: petrified, drained, quick
A: retaliatory headbutt, horns 2
a: Heroism, Finesse, Renounce Religion


You were on level 6 of the Lair of Beasts.
You worshipped Okawaru.
Okawaru was exalted by your worship.
You were not hungry.

You visited 4 branches of the dungeon, and saw 21 of its levels.
You also visited: Ossuary.

You collected 1325 gold pieces.
You spent 519 gold pieces at shops.

Inventory:

Hand Weapons
 a - a +4 scimitar of flaming (weapon)
 b - a +3 scimitar of freezing
Armour
 c - a +1 shield (worn)
 l - a +0 pair of boots of running (worn)
 r - a +0 pair of gloves (worn)
 P - the -2 hat of the Alchemist (worn) {rElec rPois rF+ rC+ rN+ MR+ rMut rCorr}
   (You bought it in a shop on level 4 of the Dungeon)

   It protects you from fire.
   It protects you from cold.
   It insulates you from electricity.
   It protects you from poison.
   It protects you from negative energy.
   It affects your resistance to hostile enchantments.
   It provides partial protection from all sources of acid and corrosion.
   It protects you from mutation.
 Q - a +0 plate armour (worn)
Jewellery
 g - an uncursed ring of protection from cold
 h - a ring of see invisible (right hand)
 u - an uncursed ring of fire
 x - an uncursed amulet of harm
 F - a +4 ring of dexterity (left hand)
 S - an amulet of the acrobat (around neck)
Wands
 k - a wand of acid (13)
 n - a wand of paralysis (18)
 z - a wand of clouds (5)
Scrolls
 d - 13 scrolls of remove curse
 i - 6 scrolls of enchant armour
 m - 11 scrolls of teleportation
 t - a scroll of amnesia
 v - 2 scrolls of summoning {unknown}
 y - a scroll of identify
 C - 2 scrolls of noise
 D - 4 scrolls of blinking {unknown}
 L - 3 scrolls of enchant weapon
 M - a scroll of acquirement {unknown}
 N - 5 scrolls of magic mapping
 V - 2 scrolls of fog
 W - 2 scrolls of vulnerability {unknown}
Potions
 e - 2 potions of mutation
 j - 4 potions of heal wounds
 o - 2 potions of haste
 p - 14 potions of curing
 q - a potion of berserk rage
 s - 3 potions of agility
 w - 2 potions of flight
 E - 4 potions of might
 I - a potion of invisibility
Comestibles
 f - 48 rations


   Skills:
 + Level 12.9(11.8) Fighting
 + Level 15.2(14.1) Long Blades
 + Level 13.6(12.5) Armour
 + Level 5.7(4.8) Dodging
 + Level 1.6(0.8) Stealth
 + Level 15.7(14.6) Shields
 + Level 1.4(0.6) Invocations
 + Level 0.5(0.0) Evocations


You had 13 spell levels left.
You didn't know any spells.
Your spell library contained the following spells:

 Spells                   Type           Power        Failure   Level  Hunger
 Animate Skeleton         Necr           N/A          99%         1    ##.....
 Apportation              Tloc           #.....       99%         1    ##.....
 Confusing Touch          Hex            #.....       99%         1    ##.....
 Magic Dart               Conj           #...         99%         1    ##.....
 Summon Small Mammal      Summ           #...         99%         1    ##.....
 Blink                    Tloc           N/A          100%        2    ###....
 Call Imp                 Summ           #.......     100%        2    ###....
 Slow                     Hex            #.......     100%        2    ###....
 Confuse                  Hex            #.......     100%        3    ####...
 Conjure Flame            Conj/Fire      #.......     100%        3    ####...
 Gell's Gravitas          Tloc           #.........   100%        3    ####...
 Mephitic Cloud           Conj/Pois/Air  #.......     100%        3    ####...
 Ice Form                 Ice/Tmut       #.......     100%        4    #####..
 Petrify                  Tmut/Erth      #.......     100%        4    #####..
 Metabolic Englaciation   Hex/Ice        #.........   100%        5    ######.
 Yara's Violent Unravell  Hex/Tmut       #.........   100%        5    ######.
 Bolt of Cold             Conj/Ice       #.........   100%        6    #######
 Freezing Cloud           Conj/Ice/Air   #.........   100%        6    #######
 Ozocubu's Refrigeration  Ice            #.........   100%        6    #######
 Simulacrum               Ice/Necr       #.........   100%        6    #######


Dungeon Overview and Level Annotations

Branches:
Dungeon (13/15)            Temple (1/1) D:6            Lair (6/6) D:10
  Swamp (0/4) Lair:4        Snake (0/4) Lair:2        Slime (0/5) Lair:5
    Orc (1/2) D:10
 Vaults: D:13-14

Altars:
Ashenzari
Cheibriados
Dithmenos
Elyvilon
Hepliaklqana
Kikubaaqudgha
Makhleb
Nemelex Xobeh
Okawaru
Qazlal
Ru
Sif Muna
Trog
Vehumet
Wu Jian
Xom
Yredelemnul
Zin
The Shining One
Lugonu

Shops:
D:4 %[*   D:10 *   D:12 }   D:13 *

Annotations:
D:9 3 runed doors, H0rd4k's ghost, journeyman HuAr


Innate Abilities, Weirdness & Mutations

You reflexively headbutt those who attack you in melee.
You have a pair of horns on your head.


Message History

* * * LOW HITPOINT WARNING * * *
You are engulfed in flames.
You resist.
* * * LOW HITPOINT WARNING * * *
The basilisk gazes at you. You resist with almost no effort.
The komodo dragon bites you!
* * * LOW HITPOINT WARNING * * *
The molten gargoyle hits you with a flail!
* * * LOW HITPOINT WARNING * * *
You are engulfed in flames.
You resist.
* * * LOW HITPOINT WARNING * * *
The basilisk bites you!
* * * LOW HITPOINT WARNING * * *
The komodo dragon bites you but does no damage.
The basilisk bites you!
* * * LOW HITPOINT WARNING * * *
The molten gargoyle blasts magma at you!
Helpless, you fail to dodge the bolt of magma.
You partially resist.
You die...

# ## #8 . ###≈§
.####.. ≈≈≈≈≈ .......
#§§§### .......
#≈≈≈§##l...... #
###≈≈§§.@9...... ##§
###8##≈§.l#.......
#≈§.#.#..#.§.§##..§##.
#≈≈.#.....#§§§§≈#S§§§#
≈≈........##§≈≈≈§§§≈§≈
≈≈.........##≈######§§
§..........≈≈## ≈
≈#.....†..≈≈≈#
##.......≈≈≈#


You could see a komodo dragon, a basilisk, a molten gargoyle and a lava snake.

Vanquished Creatures
  Rupert (Lair:4)
  An orc warlord (D:10)
  Snorg (Lair:4)
  A fire dragon (Lair:4)
  Erolcha (D:11)
  3 hydras
  Harold (D:8)
  A centaur warrior (D:13)
  A death knight (D:13)
  Erica (D:10)
  3 two-headed ogres
  A lindwurm (Lair:6)
  An orc knight (D:12)
  2 ugly things
  An orc sorcerer (D:10)
  A manticore (D:12)
  12 elephants (Lair:3)
  2 black mambas (Lair:6)
  A gargoyle (D:13)
  4 spiny frogs
  18 rime drakes
  6 komodo dragons
  3 meliai (D:12)
  A queen bee (D:12)
  2 trolls
  9 blink frogs
  A raiju (shapeshifter) (D:13)
  Prince Ribbit (D:6)
  A slime creature (Lair:5)
  A hornet (D:10)
  6 dream sheep (Lair:5)
  10 hippogriffs
  Sigmund (D:6)
  A shadow (D:12)
  4 hogs (D:7)
  3 wraiths
  3 wyverns
  2 basilisks
  A human (D:7)
  Grum (D:8)
  10 steam dragons (Lair:4)
  4 hungry ghosts
  Menkaure (D:7)
  2 wargs
  8 water moccasins
  3 nagas (Lair:2)
  14 porcupines
  4 hell hounds (Lair:6)
  2 sky beasts
  A swamp drake (shapeshifter) (D:12)
  2 hornet zombies (D:9)
  An eye of draining (D:13)
  A black bear (D:13)
  7 orc warriors
  3 ice beasts
  4 phantoms
  2 necrophages (D:10)
  7 ogres
  7 centaurs
  6 wolves
  5 crocodiles
  2 big kobolds
  2 gnoll sergeants
  2 wyvern zombies
  12 bullfrogs
  A wyvern skeleton (D:11)
  A scorpion (D:10)
  2 howler monkeys
  30 killer bees
  11 wights
  4 crimson imps
  A bullfrog zombie (D:11)
  A quasit (D:7)
  2 centaur zombies (D:11)
  3 human zombies (D:10)
  4 centaur skeletons
  7 hounds
  21 orc wizards
  Crazy Yiuf (D:7)
  8 orc priests
  11 jellies
  3 human skeletons (D:10)
  2 iguanas
  A bullfrog skeleton (D:6)
  3 worker ants
  An ogre zombie (D:10)
  An ogre skeleton (D:10)
  13 mummies (Ossuary)
  2 worker ant zombies
  15 gnolls
  10 adders
  3 shadow imps
  An adder skeleton (D:4)
  An adder zombie (D:5)
  2 worms
  3 dart slugs (D:3)
  4 leopard geckos
  68 orcs
  A ball python (D:3)
  6 giant cockroaches
  7 goblins
  2 hobgoblins
  13 jackals
  25 kobolds
  3 quokkas
  8 bats
  5 frilled lizards
  4 gnoll skeletons (Ossuary)
  3 goblin skeletons (Ossuary)
  A kobold skeleton (Ossuary)
  A leopard gecko skeleton (D:4)
  An orc skeleton (D:10)
  A quokka skeleton (D:4)
  7 rats
  11 rat skeletons (Ossuary)
  2 fungi
569 creatures vanquished.

Vanquished Creatures (others)
  A steam dragon (Lair:4)
  2 plants
3 creatures vanquished.

Grand Total: 572 creatures vanquished

Notes
Turn   | Place    | Note
-------+----------+-------------------------------------------
     0 | D:1      | Peloso the Minotaur Fighter began the quest for the Orb.
     0 | D:1      | Reached XP level 1. HP: 19/19 MP: 0/0
   128 | D:1      | Reached XP level 2. HP: 21/27 MP: 1/1
   185 | D:1      | Found a shattered altar of Ashenzari.
   340 | D:1      | Reached XP level 3. HP: 33/33 MP: 2/2
  1033 | D:2      | Found a sacrificial altar of Ru.
  1618 | D:3      | Reached XP level 4. HP: 40/40 MP: 3/3
  1692 | D:3      | Found a basalt altar of Yredelemnul.
  1970 | D:3      | Reached skill level 1 in Dodging
  2251 | D:4      | Found Yheilyit's Armour Emporium.
  2275 | D:4      | Found Reaseywn's Food Boutique.
  2288 | D:4      | Reached XP level 5. HP: 41/46 MP: 4/4
  2293 | D:4      | Reached skill level 5 in Shields
  2312 | D:4      | Found Jemuraoth's General Store.
  2403 | D:4      | Noticed an ogre
  2405 | D:4      | Noticed a phantom
  2407 | D:4      | Killed an ogre
  2407 | D:4      | Reached skill level 5 in Long Blades
  2407 | D:4      | Reached XP level 6. HP: 52/52 MP: 5/5
  2658 | D:5      | Entered Level 5 of the Dungeon
  2663 | D:5      | Noticed a sky beast
  2684 | D:5      | Killed a sky beast
  2684 | D:5      | Reached skill level 5 in Armour
  2849 | D:5      | Reached XP level 7. HP: 60/60 MP: 6/6
  3059 | D:5      | Found a shattered altar of Ashenzari.
  3816 | D:6      | Reached skill level 5 in Fighting
  3941 | D:6      | Found a staircase to the Ecumenical Temple.
  3948 | D:6      | Reached XP level 8. HP: 68/68 MP: 7/7
  3962 | Temple   | Entered the Ecumenical Temple
  4006 | Temple   | Became a worshipper of Warmaster Okawaru
  4032 | D:6      | Noticed Sigmund
  4041 | D:6      | Killed Sigmund
  4059 | D:6      | Noticed Prince Ribbit
  4071 | D:6      | Killed Prince Ribbit
  4170 | D:6      | Found a stormy altar of Qazlal.
  4170 | D:6      | Found a shimmering altar of Xom.
  4300 | D:6      | Reached * piety under Okawaru
  4474 | D:6      | Found a radiant altar of Vehumet.
  4475 | D:6      | Found a burning altar of Makhleb.
  4580 | D:6      | Found a deep blue altar of Sif Muna.
  4849 | D:6      | Found a sparkling altar of Nemelex Xobeh.
  5011 | D:7      | Reached XP level 9. HP: 75/75 MP: 8/8
  5403 | D:7      | Reached ** piety under Okawaru
  6052 | D:7      | Reached skill level 1 in Stealth
  6404 | D:7      | Identified a +0 pair of boots of running (You found it on
                  | level 7 of the Dungeon)
  6416 | D:7      | Got a bloodstained shortbow
  6490 | D:7      | Reached *** piety under Okawaru
  6490 | D:7      | Reached skill level 10 in Long Blades
  6504 | D:7      | Reached skill level 10 in Shields
  6504 | D:7      | Reached XP level 10. HP: 62/86 MP: 9/9
  6772 | D:7      | Noticed Menkaure
  6779 | D:7      | Killed Menkaure
  7237 | D:7      | Found a runed door.
  7316 | D:7      | Found an ornate altar of the Wu Jian Council.
  7320 | D:7      | Found a shadowy altar of Dithmenos.
  7323 | D:7      | Found a white marble altar of Elyvilon.
  7643 | D:8      | Found an ancient bone altar of Kikubaaqudgha.
  7682 | D:8      | Noticed Grum
  7690 | D:8      | Killed Grum
  7716 | D:8      | Reached **** piety under Okawaru
  7726 | D:8      | Found a sand-covered staircase.
  7918 | Ossuary  | Entered an ossuary
  8581 | D:8      | Noticed a two-headed ogre
  8595 | D:8      | Killed a two-headed ogre
  9004 | D:9      | Noticed Harold
  9031 | D:8      | Killed Harold
  9435 | D:9      | Reached XP level 11. HP: 86/95 MP: 10/10
  9910 | D:9      | Found a runed gate.
  9911 | D:9      | Found a runed gate.
  9911 | D:9      | Found a runed gate.
  9913 | D:9      | Noticed H0rd4k's ghost (journeyman HuAr)
  9919 | D:9      | Noticed a two-headed ogre
  9928 | D:9      | Killed a two-headed ogre
  9962 | D:9      | Found a white marble altar of Elyvilon.
 10036 | D:9      | Reached skill level 1 in Invocations
 10119 | D:9      | Reached ***** piety under Okawaru
 10257 | D:10     | Entered Level 10 of the Dungeon
 10356 | D:10     | Received a gift from Okawaru
 10415 | D:10     | Found Ammeggev's Assorted Antiques.
 10762 | D:10     | Found a staircase to the Lair.
 10860 | D:10     | Found a basalt altar of Yredelemnul.
 11274 | D:10     | Found a staircase to the Orcish Mines.
 11692 | D:4      | Bought the -2 hat of the Alchemist {rElec rPois rF+ rC+ rN+
                  | MR+ rMut rCorr} for 519 gold pieces
 11692 | D:4      | Found the -2 hat of the Alchemist {rElec rPois rF+ rC+ rN+
                  | MR+ rMut rCorr}
 12066 | D:7      | Noticed Crazy Yiuf
 12071 | D:7      | Killed Crazy Yiuf
 12189 | Lair:1   | Entered Level 1 of the Lair of Beasts
 12251 | Lair:1   | Reached skill level 10 in Armour
 12408 | Lair:1   | Received a gift from Okawaru
 13200 | Lair:2   | Noticed a seven-headed hydra
 13322 | D:11     | Noticed a green ugly thing
 13343 | D:10     | Killed a green ugly thing
 14439 | D:11     | Noticed Erolcha
 14461 | D:11     | Killed Erolcha
 14461 | D:11     | Reached XP level 12. HP: 40/106 MP: 8/11
 14805 | D:12     | Reached skill level 5 in Dodging
 15447 | D:12     | Reached skill level 10 in Fighting
 15628 | D:12     | Found Lommunech's Gadget Emporium.
 16404 | D:13     | Noticed a death knight
 16503 | D:13     | Killed a death knight
 16639 | D:13     | Found Tacwir's Assorted Antiques.
 16687 | D:13     | Found a corrupted altar of Lugonu.
 16770 | D:13     | Noticed a centaur warrior
 16803 | D:13     | Killed a centaur warrior
 16803 | D:13     | Received a gift from Okawaru
 16826 | D:13     | Noticed an eight-headed hydra
 17142 | Orc:1    | Entered Level 1 of the Orcish Mines
 17144 | Orc:1    | Noticed a two-headed ogre
 17165 | D:10     | Killed a two-headed ogre
 17530 | Orc:1    | Noticed an orc warlord
 17532 | Orc:1    | Noticed Erica
 17555 | D:10     | Killed Erica
 17628 | D:10     | Killed an orc warlord
 18021 | Lair:2   | Killed a three-headed hydra
 18021 | Lair:2   | Reached XP level 13. HP: 106/116 MP: 13/13
 18085 | Lair:2   | Received a gift from Okawaru
 18155 | Lair:2   | Found a staircase to the Snake Pit.
 19614 | Lair:4   | Noticed Rupert
 19631 | Lair:4   | Killed Rupert
 19631 | Lair:4   | Reached ****** piety under Okawaru
 19709 | Lair:4   | Reached skill level 15 in Shields
 19719 | Lair:4   | Found a staircase to the Swamp.
 19848 | Lair:4   | Noticed a fire dragon
 20172 | Lair:4   | Killed a fire dragon
 20258 | Lair:4   | Reached skill level 15 in Long Blades
 20315 | Lair:4   | Noticed Snorg
 20324 | Lair:4   | Killed Snorg
 20324 | Lair:4   | Received a gift from Okawaru
 20330 | Lair:4   | Got a fine demon blade {god gift}
 20331 | Lair:4   | Identified the +1 demon blade of Midsummer {pain, -Tele
                  | rPois Str+3} (Okawaru gifted it to you on level 4 of the
                  | Lair of Beasts)
 21469 | Lair:5   | Reached XP level 14. HP: 122/127 MP: 14/14
 21666 | Lair:5   | Found a staircase to the Slime Pits.
 22193 | Lair:6   | Entered Level 6 of the Lair of Beasts
 22331 | Lair:6   | Received a gift from Okawaru
 22488 | Lair:6   | Killed from afar by a molten gargoyle

Skill      XL: |  1  2  3  4  5  6  7  8  9 10 11 12 13 |
---------------+----------------------------------------+-----
Shields        | 4 5 6 7 8 10 11 12 14 15 | 15.7
Fighting       | 4 5 6 7 8 9 11 12 | 12.9
Armour         | 4 5 6 7 9 10 12 13 | 13.6
Long Blades    | 3 4 5 6 7 8 10 11 13 14 15 | 15.2
Dodging        | 1 2 4 5 |  5.7
Stealth        | 1 |  1.6
Invocations    | 1 |  1.4
Evocations     | |  0.5

Action                   |  1- 3 |  4- 6 |  7- 9 | 10-12 | 13-15 || total
-------------------------+-------+-------+-------+-------+-------++-------
Melee: Long sword        |   113 |   100 |   300 |  1022 |       ||  1535
       Headbutt          |    17 |    29 |    65 |   340 |   124 ||   575
       Scimitar          |       |       |       |    79 |   396 ||   475
Invok: Heroism           |       |       |     3 |    11 |       ||    14
Evoke: Wand              |       |       |     2 |     1 |     3 ||     6
  Use: Potion            |       |     1 |     2 |     2 |     1 ||     6
       Scroll            |       |    15 |     4 |     7 |     4 ||    30
 Stab: Confused          |       |       |     1 |     2 |       ||     3
  Eat: Chunk             |     2 |     5 |     9 |    31 |    10 ||    57
       Ration            |       |       |     2 |     2 |     1 ||     5
Armor: Scale mail        |    56 |       |       |       |       ||    56
       Chain mail        |    10 |    66 |   116 |   102 |       ||   294
       Plate armour      |       |       |       |   178 |   133 ||   311
Dodge: Dodged            |    50 |    31 |    54 |   307 |   134 ||   576
Block: Shield            |    74 |    68 |   198 |   683 |   253 ||  1276
       Rpst.: Long sword |    14 |     7 |    13 |    80 |       ||   114
       Scimitar          |       |       |       |     7 |    28 ||    35
